 Dungeon Crawl Stone Soup version 0.18-a0-1125-g2bdabe5 (webtiles) character file.

99 Reinor the Insei (level 4, -3/31 HPs)
             Began as an Octopode Chaos Knight on Jan 20, 2016.
             Slain by an orc wizard
             ... wielding a +2 dagger of electrocution
              (13 damage)
             ... on level 3 of the Dungeon.
             The game lasted 00:11:29 (2973 turns).

Reinor the Insei (Octopode Chaos Knight)            Turns: 2973, Time: 00:11:29

Health: -3/31      AC:  3    Str: 11    XL:     4   Next: 72%
Magic:  3/3        EV: 12    Int: 12    God:    Xom [*.....]
Gold:   148        SH:  2    Dex: 12    Spells: 0 memorised, 3 levels left

rFire  . . .     SeeInvis .       - Unarmed
rCold  . . .     Gourm    .     (no shield)
rNeg   . . .     Faith    .     (helmet restricted)
rPois  .         Spirit   .     (no amulet)
rElec  .         Dismiss  .     (no ring)
rCorr  .         Reflect  .     (no ring)
SustAt .         Harm     .     (no ring)
MR     .....     Clarity  +     (no ring)
Stlth  ++........               (no ring)
                                (no ring)
                                (no ring)
                                (no ring)

@: slowed, very slow, not resistant to hostile enchantments, unstealthy
A: almost no armour, amphibious, 8 rings, constrict 8, large bone plates 1,
camouflage 1, blurry vision 1, clarity, dopey 1, low mp 1, gelatinous body 1
a: Renounce Religion


You were on level 3 of the Dungeon.
You worshipped Xom.
You were a special plaything of Xom.
You were not hungry.

You visited 1 branch of the dungeon, and saw 3 of its levels.

You collected 148 gold pieces.

Inventory:

Scrolls
 b - 2 scrolls of fog
 f - a scroll of identify
 i - 2 scrolls of magic mapping {unknown}
Potions
 c - 2 potions of brilliance
 e - a potion of curing
Comestibles
 a - a bread ration
 d - 3 fruits


   Skills:
 - Level 3.0 Fighting
 - Level 2.3 Dodging
 + Level 5.3 Unarmed Combat


You had 3 spell levels left.
You didn't know any spells.

Dungeon Overview and Level Annotations

Branches:
Dungeon (3/15)

Altars:
Gozag

Annotations:
D:3 Arkorax's ghost, novice KoHu


Innate Abilities, Weirdness & Mutations

You cannot wear most types of armour.
You are amphibious.
You can wear up to eight rings at the same time.
You can use your tentacles to constrict eight enemies at once.
Your skin changes colour to match your surroundings (Stealth).
Your rubbery body absorbs attacks (AC +1).
You are partially covered in large bone plates (AC +2, SH +2).
Scrolls take you a little longer to read.
You possess an exceptional clarity of mind.
You are dopey. (Int -2)
Your magical capacity is low (-10% MP).


Message History

You hear some strange, mumbled words.
Something tries to affect you, but you resist.
A magic dart appears from out of thin air!
The magic dart hits you!
There is an escape hatch in the floor here.
You hear some strange, mumbled words.
You miss something. You tentacle-slap something.
You hear some strange, mumbled words.
You feel yourself slow down.
You tentacle-slap something.
You hear some strange, mumbled words.
You feel as though you will be slow longer.
There is an escape hatch in the floor here.
A magic dart appears from out of thin air!
The magic dart hits you!
You barely miss something. You tentacle-slap something.
You feel something passing dangerously close to your head.
Something hits you.
You are electrocuted!
You die...
Xom cackles wildly!

#................W.W.
#.# #.###.##.#....#.#
#.# #..........# #.#
#.##.#W#..## #..
#.##.....## ###
#.####.### #.# #.#
#.# #># #.# #@# #.
#{# #.# ..# ### .####
...<# ..W.......#
.##.#####.# .


You could see Arkorax's ghost.

Vanquished Creatures
  4 adders (D:2)
  2 worms (D:2)
  2 giant geckos
  3 orcs (D:3)
  4 bats
  6 giant cockroaches
  5 goblins
  5 hobgoblins
  2 ball pythons (D:1)
  7 giant newts
  6 kobolds
  10 rats
56 creatures vanquished.

Notes
Turn   | Place    | Note
--------------------------------------------------------------
     0 | D:1      | Reinor the Octopode Chaos Knight began the quest for the Orb.
     0 | D:1      | Reached XP level 1. HP: 16/16 MP: 1/1
   115 | D:1      | XOM: harmless Chrm miscast
   179 | D:1      | Reached XP level 2. HP: 19/21 MP: 2/2
   496 | D:1      | XOM: harmless Erth miscast
   529 | D:1      | XOM: harmless Summ miscast
   816 | D:1      | Reached skill level 4 in Unarmed Combat
   870 | D:1      | Reached XP level 3. HP: 26/26 MP: 3/3
  1131 | D:2      | Reached XP level 4. HP: 5/31 MP: 4/4
  1135 | D:2      | XOM: potion effect (berserk rage)
  1181 | D:1      | XOM: harmless Tloc miscast
  1453 | D:2      | Reached skill level 5 in Unarmed Combat
  1882 | D:2      | Found an opulent altar of Gozag.
  1911 | D:2      | XOM: mild Summ miscast
  1975 | D:2      | XOM: summons 2 hostile demons
  2068 | D:2      | XOM: give mutations
  2068 | D:2      | Gained mutation: You are dopey. (Int -2) [Xom's mischief]
  2068 | D:2      | Gained mutation: You are partially covered in large bone plates (AC +2, SH +2). [Xom's mischief]
  2068 | D:2      | Gained mutation: Scrolls take you a little longer to read. [Xom's mischief]
  2068 | D:2      | Gained mutation: You are very dopey. (Int -4) [Xom's mischief]
  2224 | D:2      | XOM: harmless Hex miscast
  2273 | D:3      | Noticed Arkorax's ghost (novice KoHu)
  2379 | D:3      | XOM: give mutation
  2379 | D:3      | Gained mutation: You possess an exceptional clarity of mind. [Xom's mischief]
  2411 | D:3      | XOM: medium Summ miscast
  2412 | D:3      | Noticed a chaos spawn
  2531 | D:3      | XOM: give mutations
  2531 | D:3      | Lost mutation: You are very dopey. (Int -4) [Xom's mischief]
  2531 | D:3      | Gained mutation: Your magical capacity is low (-10% MP). [Xom's mischief]
  2651 | D:3      | XOM is BORED!
  2651 | D:3      | XOM: 1-stop teleportation journey
  2961 | D:3      | XOM: enchant monster (bad)
  2973 | D:3      | Slain by an orc wizard

Vault maps used:
D:1:      lightli_arrival_statuegarden
D:2:      grunt_gozag_breadcrumbs, first_bread
D:3:      lemuel_round_altar, uniq_jessica, uniq_sigmund

Action                   |  1- 3 |  4- 6 || total
-------------------------+-------+-------++-------
Melee: Unarmed           |    75 |    80 ||   155
  Use: Scroll            |     3 |     4 ||     7
       Potion            |       |     1 ||     1
 Stab: Sleeping          |     5 |     2 ||     7
       Distracted        |     1 |       ||     1
  Eat: Chunk             |     1 |     3 ||     4
       Bread ration      |       |     1 ||     1
